Map: Ley Lines

Players

RedAka - Winner!

  • Race: Protoss Protoss
  • Spawn Location: 7:00

kitune

  • Race: Zerg Zerg
  • Spawn Location: 1:00

VOD

Have the link to the VOD?

Description

Time

  • Played on: May 27, 2025, 7:40 p.m.
  • Length: 18:31
Show
View Real Time Build Order
Export as new Build Order

RedAka Protoss - Winner!

Build Orders: Carriers 

Get SALT Encoding   

  12  0:01  Probe  
  13  0:13  Probe  
  14  0:21  Pylon  
  14  0:25  Probe  
  15  0:39  Probe  
  15  0:42  Gateway  
  16  0:47  Assimilator  
  16  0:51  Probe  
  17  1:02  Probe  
  18  1:10  Probe  
  19  1:18  Probe  
  20  1:30  Cybernetics Core, Probe  
  21  1:37  Pylon  
  21  1:53  Nexus  
  21  1:57  Adept  
  23  2:13  Warp Gate  
  23  2:17  Pylon  
  23  2:19  Pylon  
  23  2:24  Probe  
  23  2:27  Assimilator  
  24  2:36  Gateway  
  24  2:42  Probe  
  25  2:51  Adept  
  25  2:54  Probe  
  28  3:06  Stargate, Probe  
  28  3:08  Probe  
  30  3:18  Probe  
  31  3:20  Probe  
  31  3:23  Stalker  
  34  3:31  Probe  
  34  3:32  Probe  
  36  3:37  Assimilator  
  36  3:42  Pylon  
  36  3:43  Probe  
  36  3:44  Probe  
  36  3:46  Void Ray  
  38  3:55  Probe  
  41  4:20  Probe x2  
  43  4:32  Probe  
  43  4:35  Probe  
  43  4:36  Phoenix  
  45  4:41  Assimilator  
  45  4:43  Pylon  
  45  4:44  Probe  
  46  4:47  Probe  
  46  4:49  Protoss Air Weapons Level 1  
  47  4:54  Pylon  
  47  4:56  Probe  
  47  4:57  Stargate  
  47  4:59  Probe  
  49  5:03  Forge  
  51  5:08  Probe  
  51  5:14  Void Ray  
  54  5:18  Probe  
  55  5:22  Probe  
  56  5:30  Probe  
  56  5:32  Fleet Beacon  
  56  5:34  Probe  
  58  5:41  Photon Cannon  
  58  5:42  Probe  
  63  5:46  Probe  
  63  5:48  Void Ray  
  64  5:52  Nexus  
  64  5:58  Pylon  
  64  6:01  Pylon  
  64  6:03  Probe  
  65  6:16  Adept  
  67  6:24  Photon Cannon  
  67  6:25  Carrier x2  
  79  6:55  Pylon x2  
  79  7:00  Pylon  
  79  7:02  Pylon  
  79  7:10  Protoss Air Weapons Level 2  
  79  7:13  Probe  
  79  7:15  Pylon  
  80  7:26  Stargate  
  80  7:29  Pylon  
  80  7:43  Probe  
  81  7:56  Nexus, Carrier x2  
  81  7:57  Pylon  
  81  8:01  Pylon  
  81  8:03  Pylon, Probe x2  
  95  8:15  Probe x2  
  95  8:16  Photon Cannon  
  95  8:18  Photon Cannon  
  97  8:20  Photon Cannon  
  97  8:23  Photon Cannon  
  97  8:24  Photon Cannon  
  97  8:29  Gateway  
  97  8:30  Gateway  
  97  8:32  Gateway  
  97  8:34  Probe  
  97  8:35  Probe  
  99  8:42  Photon Cannon  
  99  8:46  Probe  
  99  8:47  Probe  
  101  8:56  Shield Battery  
  101  8:58  Probe  
  101  8:59  Probe  
  101  9:01  Gateway  
  103  9:12  Twilight Council  
  103  9:15  Carrier x2  
  103  9:21  Probe x2  
  103  9:23  Probe  
  118  9:33  Probe  
  119  9:44  Assimilator  
  119  9:46  Assimilator  
  119  9:54  Nexus  
  119  9:56  Protoss Air Weapons Level 3  
  119  9:58  Carrier  
  119  9:59  Pylon  
  119  10:01  Pylon  
  119  10:04  Pylon  
  119  10:11  Carrier  
  125  10:14  Probe x2  
  133  10:22  Gateway  
  133  10:31  Photon Cannon x2  
  133  10:34  Photon Cannon  
  133  10:35  Photon Cannon  
  133  10:38  Shield Battery  
  133  10:44  Gateway  
  133  10:45  Gateway  
  133  10:47  Gateway  
  134  10:50  Probe  
  134  10:52  Probe x2  
  136  11:02  Probe  
  145  11:04  Probe  
  145  11:06  Void Ray  
  145  11:09  Void Ray  
  145  11:10  Probe  
  145  11:11  Probe  
  148  11:14  Probe  
  148  11:16  Probe  
  148  11:18  Gateway  
  150  11:20  Gateway  
  150  11:22  Gateway  
  150  11:23  Gateway, Charge  
  150  11:24  Probe  
  150  11:25  Probe  
  156  11:43  Void Ray  
  156  11:49  Nexus  
  156  11:53  Pylon  
  156  11:57  Pylon, Carrier x2  
  156  12:01  Pylon  
  168  12:12  Zealot x4  
  168  12:13  Zealot  
  168  12:14  Zealot  
  180  12:25  Robotics Facility  
  180  12:33  Photon Cannon  
  180  12:37  Photon Cannon x2  
  180  12:39  Photon Cannon  
  180  12:40  Photon Cannon  
  180  12:43  Photon Cannon  
  180  12:58  Assimilator  
  180  12:59  Assimilator  
  180  13:16  Observer  
  153  14:04  Carrier x3  
  147  14:15  Probe  
  166  14:25  Zealot x3  
  166  14:26  Zealot x5  
  166  14:27  Zealot x2  
  186  14:31  Observer  
  187  14:42  Templar Archives  
  187  14:51  Protoss Ground Weapons Level 1  
  187  15:03  Carrier x2  
  187  15:04  Protoss Air Armor Level 1  
  179  15:46  Carrier  
  179  15:47  Gateway  
  179  15:52  Gateway  
  179  15:55  Gateway  
  185  16:01  Psionic Storm  
  185  16:04  High Templar x4  
  185  16:05  High Templar x3  
  185  16:08  Archon  
  185  16:09  Archon x2  
  199  16:32  Nexus  
  199  16:35  Unknown  
  199  16:39  Pylon x3  
  199  17:13  Photon Cannon  
  199  17:15  Photon Cannon  
Show
View Real Time Build Order
Export as new Build Order

kitune Zerg 

Build Orders: Pool First 

Get SALT Encoding   

  12  0:01  Drone  
  13  0:12  Overlord  
  13  0:17  Drone  
  14  0:31  Drone x2  
  16  0:41  Spawning Pool  
  15  0:45  Drone  
  15  0:49  Drone  
  17  1:09  Hatchery  
  16  1:13  Drone  
  16  1:16  Extractor  
  16  1:29  Zergling x6  
  19  1:37  Queen  
  21  1:41  Drone  
  22  1:51  Overlord  
  22  2:12  Drone  
  22  2:13  Queen, Drone  
  26  2:26  Metabolic Boost  
  25  2:34  Drone  
  25  2:35  Drone x3  
  29  2:45  Queen  
  31  3:03  Lair  
  31  3:09  Extractor, Drone  
  31  3:11  Overlord  
  31  3:15  Drone  
  31  3:16  Drone x3  
  35  3:25  Overlord  
  35  3:35  Drone x3  
  35  3:36  Drone  
  35  3:39  Drone x2  
  41  3:46  Drone x2  
  41  4:10  Zergling x6  
  44  4:41  Hydralisk Den  
  44  4:44  Drone  
  44  4:48  Overlord x4  
  44  5:01  Spore Crawler  
  44  5:02  Overseer  
  44  5:05  Drone  
  44  5:06  Drone x2  
  46  5:09  Extractor  
  46  5:11  Extractor  
  46  5:12  Grooved Spines  
  44  5:15  Drone x2  
  46  5:22  Drone x2  
  48  5:39  Hydralisk x5  
  48  5:40  Hydralisk x2  
  62  5:51  Hydralisk  
  62  5:52  Hydralisk  
  62  5:55  Hatchery  
  65  5:59  Hydralisk  
  65  6:02  Muscular Augments, Overlord  
  65  6:03  Overlord  
  65  6:04  Overlord x3  
  67  6:12  Zergling x2  
  68  6:21  Zergling x2  
  68  6:22  Zergling x4  
  70  6:34  Hydralisk  
  70  6:35  Hydralisk x6  
  84  6:43  Hydralisk  
  83  6:51  Hydralisk  
  85  7:06  Drone  
  85  7:07  Drone x7  
  93  7:14  Queen  
  95  7:28  Spire  
  94  7:30  Hatchery  
  94  7:32  Infestation Pit  
  94  7:35  Drone x3  
  95  7:38  Drone  
  95  7:39  Drone  
  95  7:40  Drone x2  
  99  7:44  Drone  
  99  7:45  Drone x2  
  99  7:49  Extractor, Drone x4  
  105  7:53  Extractor  
  105  7:57  Spine Crawler  
  103  7:59  Spore Crawler  
  103  8:02  Spine Crawler  
  103  8:03  Spine Crawler x2, Drone  
  103  8:04  Drone x5  
  103  8:05  Drone  
  106  8:09  Hive  
  106  8:15  Lurker Den  
  105  8:21  Drone  
  105  8:22  Drone  
  105  8:23  Drone  
  105  8:24  Drone x2  
  105  8:25  Hydralisk  
  112  8:29  Overlord x4  
  112  8:43  Corruptor  
  112  8:44  Corruptor x2  
  118  8:58  Corruptor x3  
  124  9:15  Corruptor  
  124  9:16  Corruptor x2  
  130  9:22  Overseer  
  130  9:23  Overseer  
  130  9:27  Queen  
  132  9:50  Hydralisk  
  132  9:51  Hydralisk x8  
  149  9:54  Overlord  
  149  9:55  Overlord x8  
  149  10:18  Seismic Spines  
  149  10:21  Lurker  
  149  10:22  Lurker x2  
  150  10:41  Extractor, Drone  
  150  10:42  Drone x2  
  152  10:43  Extractor  
  152  10:44  Drone x3  
  152  10:46  Viper  
  157  10:54  Zerg Flyer Weapons Level 1  
  157  10:55  Corruptor x2  
  161  11:08  Viper  
  164  11:14  Hatchery  
  164  11:15  Adaptive Talons  
  164  11:17  Viper  
  166  11:21  Corruptor  
  168  11:29  Corruptor  
  170  11:33  Corruptor  
  172  11:54  Corruptor x3  
  172  11:55  Corruptor x2  
  182  12:09  Corruptor x3  
  182  12:15  Hatchery  
  187  12:16  Corruptor  
  189  12:40  Overseer  
  189  12:41  Overseer  
  189  12:47  Corruptor  
  189  12:48  Corruptor x4, Zerg Flyer Armor Level 1  
  177  13:38  Drone  
  177  13:39  Drone x10  
  182  13:41  Drone  
  182  13:42  Drone x2  
  136  14:06  Corruptor x8  
  136  14:07  Corruptor x8  
  134  14:14  Corruptor  
  129  14:18  Drone  
  130  14:31  Queen  
  130  14:32  Drone x2  
  134  14:42  Zerg Flyer Weapons Level 2  
  134  14:43  Drone x12  
  146  14:48  Spine Crawler  
  146  14:50  Corruptor x5, Spine Crawler  
  146  14:52  Spine Crawler  
  153  14:58  Viper  
  151  15:17  Drone x3  
  151  15:19  Drone x2  
  151  15:20  Drone x3  
  151  15:25  Viper x2  
  143  15:40  Viper  
  146  15:47  Unknown, Drone x3  
  148  15:50  Viper  
  148  15:51  Drone x2  
  153  16:29  Corruptor x4  
  153  16:30  Corruptor x3  
  167  16:43  Hatchery  
  167  16:45  Extractor  
  164  16:54  Hatchery  
  163  17:07  Lurker x5  
  168  17:10  Hydralisk x4  
Tags
 
Composition
Carriers
Matchup
PvZ
Opening
Pool First
Spawn Locations
Cross Positions
Add a new tag
Caveats
  • Supply blocks, unpowered buildings, or Contaminate may cause inaccurate times.
  • Supply counts are checked every 10 seconds.